 Dungeon Crawl Stone Soup version 0.21.1-1-g345015fe64 (webtiles) character file.

45 Holzbalken the Digger (level 3, -1/19 HPs)
             Began as a Gargoyle Earth Elementalist on July 17, 2018.
             Was an Initiate of Vehumet.
             Slain by a worm (3 damage)
             ... on level 2 of the Dungeon.
             The game lasted 00:05:53 (1044 turns).

Holzbalken the Digger (Gargoyle Earth Elementalist) Turns: 1044, Time: 00:05:53

Health: -1/19      AC:  6    Str: 11    XL:     3   Next: 64%
Magic:  0/6        EV: 12    Int: 16    God:    Vehumet [......]
Gold:   104        SH:  0    Dex: 10    Spells: 3/7 levels left

rFire    . . .     SeeInvis .   j - +0 club
rCold    . . .     Gourm    .   (no shield)
rNeg     + . .     Faith    .   c - +0 robe
rPois    ∞         Spirit   .   a - +0 helmet
rElec    +         Reflect  .   (no cloak)
rCorr    .         Harm     .   (no gloves)
MR       .....                  (no boots)
Stlth    ++........             (no amulet)
HPRegen  0.06/turn              (no ring)
MPRegen  0.10/turn              (no ring)

@: very slightly contaminated
A: negative energy resistance 1, electricity resistance, unbreathing,
petrification resistance, rot immunity, AC +3
a: Renounce Religion


You were on level 2 of the Dungeon.
You worshipped Vehumet.
Vehumet was noncommittal.
You were not hungry.

You visited 1 branch of the dungeon, and saw 2 of its levels.

You collected 104 gold pieces.

Inventory:

Hand Weapons
 j - a +0 club (weapon)
Armour
 a - a +0 helmet (worn)
 c - a +0 robe (worn)
Scrolls
 f - a scroll of noise {unknown}
 l - 2 scrolls of identify {unknown}
 m - a scroll of blinking {unknown}
Potions
 g - 2 potions of heal wounds {unknown}
 h - a potion of degeneration {unknown}
 k - a potion of flight {unknown}
Books
 e - a book of Geomancy

   Spells                             Type                      Level
   a - Sandblast                      Earth                        1
   b - Passwall                       Transmutation/Earth          2
   c - Stone Arrow                    Conjuration/Earth            3
   d - Petrify                        Transmutation/Earth          4
   e - Lee's Rapid Deconstruction     Earth                        5
Comestibles
 d - 3 rations
 i - 2 chunks of flesh


   Skills:
 - Level 1.5 Dodging
 - Level 2.1 Stealth
 + Level 2.6 Spellcasting
   Level 0.7 Transmutations
 * Level 5.0 Earth Magic


You had 3 spell levels left.
You knew the following spells:

 Your Spells              Type           Power        Failure   Level  Hunger
a - Sandblast             Erth           ###...       2%          1    #......
b - Stone Arrow           Conj/Erth      ##....       22%         3    ###....


Dungeon Overview and Level Annotations

Branches:
Dungeon (2/15)

Altars:
Vehumet


Innate Abilities, Weirdness & Mutations

You are resistant to torment.
Your stone body is resilient. (AC +3)
You are immune to poison.
You resist negative energy. (rN+)
You are resistant to electric shocks. (rElec)
You can survive without breathing.
You are immune to petrification.
You are immune to rotting.


Message History

Press: ? - help, Shift-Dir - straight line, f/p - worm
Aim: a worm The stone arrow hits the worm.
The worm is moderately wounded.
Casting: Stone Arrow
Confirm with . or Enter, or press ? or * to list all spells.
Aiming: Stone Arrow
Press: ? - help, Shift-Dir - straight line, f/p - worm
Aim: a worm (moderately wounded)
You miscast Stone Arrow.
You are very lightly contaminated with residual magic.
Sparks fly from your hands! The worm bites you!
You barely miss the worm.
The worm is moderately wounded.
The worm bites you!
* * * LOW HITPOINT WARNING * * *
You hit the worm.
The worm is moderately wounded.
The worm bites you.
You die...

#.........#....#
#.........######
#.........#
#.........###
#...).......##
#............##
#........§....##
#####.....§.§..##+#
#......@w§.....
#.......§§§+....
##....§....# .
#.......###
#.......# #.......#
#......## .....#.#


You could see a worm.

Vanquished Creatures
  An adder (D:2)
  4 dart slugs (D:1)
  A ball python (D:1)
  A giant cockroach (D:1)
  8 goblins (D:1)
  2 hobgoblins (D:1)
  3 kobolds (D:1)
  4 bats
  A frilled lizard (D:1)
  A rat (D:1)
26 creatures vanquished.

Vanquished Creatures (others)
  A kobold (D:2)
1 creature vanquished.

Grand Total: 27 creatures vanquished

Notes
Turn   | Place    | Note
-------+----------+-------------------------------------------
     0 | D:1      | Holzbalken the Gargoyle Earth Elementalist began the quest for the Orb.
     0 | D:1      | Reached XP level 1. HP: 10/10 MP: 3/3
    62 | D:1      | Reached skill level 4 in Earth Magic
    74 | D:1      | Reached XP level 2. HP: 10/15 MP: 0/5
   548 | D:1      | Reached XP level 3. HP: 19/19 MP: 4/6
   996 | D:2      | Learned a level 3 spell: Stone Arrow
  1000 | D:2      | Reached skill level 5 in Earth Magic
  1001 | D:2      | Found a radiant altar of Vehumet.
  1040 | D:2      | Became a worshipper of Vehumet
  1044 | D:2      | Slain by a worm

Skill      XL: |  1  2  3 |
---------------+----------+-----
Earth Magic    | 4 5 |  5.0
Dodging        | |  1.5
Stealth        | |  2.1
Spellcasting   | |  2.6
Transmutations | |  0.7

Action                   || total
-------------------------++-------
Melee: Unarmed           ||     9
       Club              ||     2
 Cast: Sandblast         ||    31
       Stone Arrow       ||     2
  Eat: Chunk             ||     1
Armor: Robe              ||     3
Dodge: Dodged            ||     7
